 Dungeon Crawl Stone Soup version 0.28.0-1-gb440e238dd (webtiles) character file.

Game seed: 7064934320260291108

22 experimilk the Grasshopper (level 2, -1/23 HPs)
             Began as a Palentonga Warper on Feb 27, 2022.
             Slain by Terence (8 damage)
             ... on level 2 of the Dungeon.
             The game lasted 00:03:58 (1843 turns).

experimilk the Grasshopper (Palentonga Warper)      Turns: 1843, Time: 00:03:59

Health: -1/23      AC:  5    Str: 14    XL:     2   Next: 68%
Magic:  5/5        EV:  9    Int: 13    God:
Gold:   15         SH:  0    Dex:  9    Spells: 3/5 levels left

rFire   . . .      SeeInvis +   a - +0 mace
rCold   . . .      Faith    .   (no shield)
rNeg    . . .      Spirit   .   b - +0 leather armour
rPois   .          Reflect  .   g - +0 helmet
rElec   .          Harm     .   (no cloak)
rCorr   .          Rampage  .   (no gloves)
Will    .....                   (no barding)
Stlth   +.........              (no amulet)
HPRegen 0.07/turn               (no ring)
MPRegen 0.09/turn               (no ring)

@: no status effects
A: large, rugged brown scales 3, see invisible, deformed body, roll 1, armoured
tail
a: Rolling Charge


You were on level 2 of the Dungeon.
You visited 1 branch of the dungeon, and saw 2 of its levels.

You collected 15 gold pieces.

Inventory:

Hand Weapons
 a - a +0 mace (weapon)
Missiles
 d - 5 boomerangs of dispersal (quivered)
Armour
 b - a +0 leather armour (worn)
 g - a +0 helmet (worn)
Scrolls
 c - 4 scrolls of blinking
 f - 2 scrolls of identify {unknown}
 h - a scroll of immolation {unknown}
Potions
 e - 2 potions of brilliance {unknown}


   Skills:
 + Level 2.2 Fighting
 * Level 2.4 Maces & Flails
 - Level 0.6 Throwing
 + Level 1.0 Armour
 - Level 1.5 Dodging
 - Level 2.0 Spellcasting
 * Level 3.4 Translocations


You had 3 spell levels left.
You knew the following spells:

 Your Spells              Type           Power      Damage    Failure   Level
a - Blink                 Tloc           20%        N/A       12%         2

Your spell library contained the following spells:

 Spells                   Type           Power      Damage    Failure   Level
 Gell's Gravitas          Tloc           10%        N/A       24%         3
 Lesser Beckoning         Tloc           10%        N/A       24%         3
 Teleport Other           Tloc           10%        N/A       24%         3
 Inner Flame              Hex/Fire       1%         N/A       67%         3
 Manifold Assault         Tloc           10%        N/A       91%         5
 Cause Fear               Hex            0%         N/A       97%         4
 Discord                  Hex            0%         N/A       100%        8


Dungeon Overview and Level Annotations

Branches:
Dungeon (2/15)

Altars:

Annotations:
D:2 Terence


Innate Abilities, Weirdness & Mutations

You are completely covered in rugged brown scales. (AC +3, +7% HP)
You have supernaturally acute eyesight. (SInv)
Armour fits poorly on your strangely shaped body.
You can roll at nearby foes to attack.
You have a long armoured tail.


Message History

You barely miss the quokka.
The quokka is almost dead.
The quokka bites you but does no damage.
The quokka misses you.
You hit the quokka.
You kill the quokka!
Found 3 scrolls of blinking.
c - 4 scrolls of blinking (gained 3)
Found 21 arrows.
A bat comes into view.
Found a dagger.
The bat hits you but does no damage.
You sock the bat!
You kill the bat!
Terence the Incautious comes into view.
He is wielding a +0 rapier and wearing a +2 scale mail of fire resistance.
Terence shouts!
There's nothing you can charge at!
Roll where?
Press: ? - help, Dir - move target, f - Terence
Aim: Terence, wielding a +0 rapier and wearing a +2 scale mail of fire resistance You roll forward with a clatter of scales!
You barely miss Terence. Terence hits you but does no damage.
Terence looks scornfully at you. Terence hits you with a +0 rapier.
You closely miss Terence. Terence hits you with a +0 rapier.
You hit Terence but do no damage. Terence hits you with a +0 rapier.
You hit Terence. You tail-slap Terence.
Terence is moderately wounded.
Terence barely misses you.
You closely miss Terence.
Your tail-slap misses Terence.
Terence is moderately wounded.
Terence hits you with a +0 rapier. x2
* * * LOW HITPOINT WARNING * * *
You closely miss Terence.
You tail-slap Terence, but do no damage.
Terence is moderately wounded.
Terence closely misses you.
You hit Terence.
Terence is heavily wounded.
Terence hits you with a +0 rapier!
You die...

#.......####.###....##
##.....## #.##.....##
##...#### #..........
##(....# ######.#.#.
#.....# #.#.## #
###...# #.#.# #..
#....## #+#..
#..#....# .###
#....@### #...@...#
###.....# ....####
#.... ....## .....
##...


You could see Terence.

Vanquished Creatures
  A worm (D:1)
  2 ball pythons (D:1)
  An endoplasm (D:2)
  A giant cockroach (D:1)
  A goblin (D:1)
  A hobgoblin (D:2)
  2 jackals (D:1)
  2 quokkas
  2 bats
  2 kobolds (D:1)
  2 rats (D:1)
17 creatures vanquished.

Notes
Turn   | Place    | Note
-------+----------+-------------------------------------------
     0 | D:1      | experimilk the Palentonga Warper began the quest for the
                  | Orb.
     0 | D:1      | Reached XP level 1. HP: 17/17 MP: 3/3
   661 | D:1      | Found a faded altar of an unknown god.
   808 | D:1      | Reached XP level 2. HP: 22/23 MP: 5/5
   942 | D:1      | Reached skill level 1 in Armour
  1782 | D:2      | Learned a level 2 spell: Blink
  1834 | D:2      | Noticed Terence
  1843 | D:2      | Slain by Terence

Illustrated notes

Levels and vault maps discovered:
D:1:      dpeg_arrival_brainrot, layout_basic,
          hellmonk_ecumenical_altar_dog_temple
D:2:      layout_loops_corners, serial_shops, nicolae_shop_trees,
          hangedman_decor_push, corexii_leaking_fountain, minmay_liquid_box,
          uniq_terence

Skill      XL: |  1  2 |
---------------+-------+-----
Armour         | 1 |  1.0
Fighting       | |  2.2
Maces & Flails | |  2.4
Throwing       | |  0.6
Dodging        | |  1.5
Spellcasting   | |  2.0
Translocations | |  3.4

Action                   || total
-------------------------++-------
Melee: Mace              ||    64
       Tailslap          ||    10
       Punch             ||     1
 Abil: Rolling Charge    ||    13
Armor: Leather armour    ||    30
Dodge: Dodged            ||    24
